 Dungeon Crawl Stone Soup version 0.26-a0-651-gb41185065b (webtiles) character file.

Game seed: 363117803563568407

44 tof the Skirmisher (level 3, 0/29 HPs)
             Began as a Demonspawn Monk on Oct 7, 2020.
             Succumbed to an adder's poison
             ... on level 1 of the Dungeon.
             The game lasted 00:01:59 (1452 turns).

tof the Skirmisher (Demonspawn Monk)                Turns: 1452, Time: 00:01:59

Health: 0/29       AC:  3    Str: 12    XL:     3   Next: 39%
Magic:  1/3        EV: 13    Int: 11    God:
Gold:   42         SH:  0    Dex: 15    Spells: 2/2 levels left

rFire    . . .     SeeInvis .   a - +0 spear
rCold    . . .     Faith    .   (no shield)
rNeg     . . .     Spirit   +   b - +0 robe
rPois    .         Reflect  .   (no helmet)
rElec    .         Harm     .   (no cloak)
rCorr    .         Rampage  .   (no gloves)
MR       .....                  h - +0 pair of boots
Stlth    ++........             (no amulet)
HPRegen  0.09/turn              (no ring)
MPRegen  0.08/turn              (no ring)

@: lethally poisoned (0 -> -14)
A: magic shield
a: no special abilities


You were on level 1 of the Dungeon.
You visited 1 branch of the dungeon, and saw 2 of its levels.

You collected 42 gold pieces.

Inventory:

Hand Weapons
 a - a +0 spear (weapon)
Armour
 b - a +0 robe (worn)
 h - a +0 pair of boots (worn)
Jewellery
 c - an uncursed ring of ice {unknown}
Scrolls
 d - a scroll of magic mapping {unknown}
 i - a scroll of immolation {unknown}
 j - a scroll of amnesia {unknown}
Potions
 e - a potion of curing {unknown}
 f - a potion of might {unknown}
 g - a potion of mutation {unknown}
 k - a potion of flight {unknown}


   Skills:
 + Level 3.3 Fighting
 + Level 3.1 Polearms
 + Level 3.1 Dodging
 + Level 2.4 Stealth


You had 2 spell levels left.
You didn't know any spells.
Your spell library was empty.

Dungeon Overview and Level Annotations

Branches:
Dungeon (2/15)

Altars:
Ashenzari


Innate Abilities, Weirdness & Mutations

When hurt, damage is shared between your health and your magic reserves.


Message History

The adder is almost dead.
* * * LOW HITPOINT WARNING * * *
You feel sick. The frilled lizard bites you.
* * * LOW HITPOINT WARNING * * *
The adder bites you but does no damage.
You closely miss the adder.
The adder is almost dead.
* * * LOW HITPOINT WARNING * * *
You feel sick. The adder bites you.
* * * LOW HITPOINT WARNING * * *
The frilled lizard barely misses you.
You hit the adder but do no damage.
The adder is almost dead.
* * * LOW HITPOINT WARNING * * *
You feel sick. The adder barely misses you.
The frilled lizard bites you but does no damage.
The adder barely misses you.
You barely miss the adder.
The adder is almost dead.
You die...

.#.# #......................####
.#.####.........########.....#...
.#....'......................'...
.#.####.....##.##########....#.##
.#....'.....'..............#.....
.##.###.....##############.#)#...
.......................# #.#.####
###.###.#.############.# #.#.#
#.#..........S@l...#.# #.#.#
#.#.#...##########.#.# #.#.#
#.#.#......# #.#.# #.#.#
#.#.....##.# #.#.# #.#.#
#.#.#.#....#######.#.# #.#.#
#.#.#..............#.# #.#.#
###.#.################.###.#.#
....#......................#.####
######################.#####.....


You could see an adder and a frilled lizard.

Vanquished Creatures
  A gnoll (D:1)
  A dart slug (D:1)
  4 bats (D:1)
  4 giant cockroaches (D:1)
  6 goblins (D:1)
  A hobgoblin (D:1)
  4 jackals (D:1)
  2 kobolds (D:1)
  A frilled lizard (D:1)
  4 rats (D:1)
28 creatures vanquished.

Notes
Turn   | Place    | Note
-------+----------+-------------------------------------------
     0 | D:1      | tof the Demonspawn Monk began the quest for the Orb.
     0 | D:1      | Reached XP level 1. HP: 18/18 MP: 1/1
    99 | D:1      | Gained mutation: When hurt, damage is shared between your
                  | health and your magic reserves. [demonic ancestry]
    99 | D:1      | Reached XP level 2. HP: 3/24 MP: 2/2
   934 | D:1      | Reached XP level 3. HP: 23/29 MP: 3/3
  1245 | D:1      | Found a broken altar of Ashenzari.
  1451 | D:1      | HP: 1/29 [poisoned by an adder]
  1452 | D:1      | Succumbed to an adder's poison

Illustrated notes

Levels and vault maps discovered:
D:1:      denvon_arrival_planthouse, layout_basic, ashenzari_altar_1
D:2:      layout_basic, uniq_sigmund

Skill      XL: |  1  2 |
---------------+-------+-----
Stealth        | 2 |  2.4
Polearms       | 3 |  3.1
Dodging        | 3 |  3.1
Fighting       | |  3.3

Action                   || total
-------------------------++-------
Melee: Spear             ||   124
 Stab: Sleeping          ||     7
Armor: Robe              ||    43
Dodge: Dodged            ||    90

Table legend: (Time is in decaauts)
 A = Elapsed time spent in this place.
 B = Non-inter-level travel time spent in this place.
 C = Inter-level travel time spent in this place.
 D = Time resting spent in this place.
 E = Time spent auto-exploring this place.
 F = Levels seen in this place.
 G = Mean time per level.
                   A        B        C        D        E       F      G
               +--------+--------+--------+--------+--------+-----+--------+
         Total |   1446 |   1425 |     21 |    429 |    774 |   2 |  723.0 |
       Dungeon |   1446 |   1425 |     21 |    429 |    774 |   2 |  723.0 |
               +--------+--------+--------+--------+--------+-----+--------+

Top non-repeatable levels by time:
     D:1: 1439 daAuts
     D:2: 7 daAuts
